 Dungeon Crawl Stone Soup version 0.29.1-2-gbd0b4ee654 (webtiles) character file.

Game seed: 6472331049072126486

641 GorkyZ the Ducker (level 7, 0/53 HPs)
             Began as a Demonspawn Gladiator on Nov 20, 2022.
             Slain by Pikel
             ... wielding a +1 whip of electrocution
              (3 damage)
             ... on level 4 of the Dungeon.
             The game lasted 00:07:52 (3383 turns).

GorkyZ the Ducker (Demonspawn Gladiator)            Turns: 3383, Time: 00:07:53

Health: 0/53       AC: 10    Str: 16    XL:     7   Next: 26%
Magic:  7/7        EV: 10    Int: 10    God:
Gold:   194        SH:  0    Dex: 14    Spells: 6/6 levels left

rFire   x . .      SeeInvis .   s - +0 scythe
rCold   + + .      Faith    .   (shield currently unavailable)
rNeg    . . .      Spirit   .   i - +0 ice dragon scales
rPois   .          Reflect  .   (helmet restricted)
rElec   .          Harm     .   (no cloak)
rCorr   .          Rampage  .   (no gloves)
Will    .....                   (no boots)
Stlth   ..........              (no amulet)
HPRegen 0.17/turn               (no ring)
MPRegen 0.10/turn               (no ring)

@: no status effects
A: antennae 2
a: no special abilities


You were on level 4 of the Dungeon.
You visited 1 branch of the dungeon, and saw 4 of its levels.

You collected 194 gold pieces.

Inventory:

Hand Weapons
 a - a +0 trident
 q - a +2 hand axe of electrocution
 s - a +0 scythe (weapon)
Missiles
 d - 3 throwing nets (quivered)
 e - a javelin
 u - 3 boomerangs
Armour
 b - a +0 leather armour
 c - a +0 helmet
 i - +0 ice dragon scales (worn)
Scrolls
 f - 3 scrolls of identify {unknown}
 h - 3 scrolls of magic mapping {unknown}
 k - a scroll of immolation {unknown}
 l - a scroll of fear {unknown}
 m - 4 scrolls of poison {unknown}
 r - a scroll of butterflies {unknown}
 t - a scroll of vulnerability {unknown}
Potions
 g - a potion of attraction {unknown}
 j - 2 potions of lignification {unknown}
 n - a potion of curing {unknown}
 o - a potion of haste {unknown}
 p - a potion of brilliance {unknown}
 v - a potion of magic {unknown}


   Skills:
 + Level 3.9 Fighting
 - Level 2.2(3.1) Axes
 + Level 3.3(3.7) Polearms
 + Level 3.6 Throwing
 + Level 2.9 Armour
 + Level 4.1 Dodging


You had 6 spell levels left.
You didn't know any spells.
Your spell library contained the following spells:

 Spells                   Type           Power      Damage    Failure   Level
 Sandblast                Erth           0%         2d4       87%         1
 Passwall                 Tmut/Erth      0%         N/A       95%         2
 Scorch                   Fire           0%         2d5       95%         2
 Stone Arrow              Conj/Erth      0%         3d7       99%         3
 Flame Wave               Conj/Fire      0%         2d4       100%        4
 Summon Cactus Giant      Summ           0%         N/A       100%        6


Dungeon Overview and Level Annotations

Branches:
Dungeon (4/15)
 Temple: D:4-7

Altars:

Annotations:
D:4 Pikel


Innate Abilities, Weirdness & Mutations

You have a pair of antennae on your head.


Message History

Pikel is moderately wounded.
Pikel hits you with a +1 whip of electrocution.
You closely miss Pikel.
Pikel is moderately wounded.
Pikel completely misses you.
You miss Pikel.
Pikel is moderately wounded.
Pikel barely misses you.
You closely miss Pikel.
Pikel is moderately wounded.
Pikel hits you but does no damage.
Pikel hits you with a +1 whip of electrocution.
You barely miss Pikel.
Pikel is moderately wounded.
Pikel hits you with a +1 whip of electrocution.
You miss Pikel.
Pikel is moderately wounded.
Pikel hits you with a +1 whip of electrocution.
You slash Pikel!
Pikel is heavily wounded.
Pikel completely misses you. Pikel barely misses you.
You barely miss Pikel.
Pikel is heavily wounded.
Pikel hits you with a +1 whip of electrocution.
You barely miss Pikel.
Pikel is heavily wounded.
Pikel closely misses you.
You slash Pikel!
Pikel is severely wounded.
Pikel hits you with a +1 whip of electrocution.
You are electrocuted!
* * * LOW HITPOINT WARNING * * *
Pikel hits you but does no damage.
You closely miss Pikel.
Pikel is severely wounded.
Pikel hits you but does no damage.
You hit Pikel but do no damage.
Pikel is severely wounded.
Pikel hits you with a +1 whip of electrocution.
You die...

.'......# ##......# # #5#
##......#.# #K.
##........# #.#
####...######### #{#
.###........ ..# #.#
.....#.##### #.# #{# #
..)..#.#######.###5#.###..
................@K5.......
.....#.#######.###.#......
#..#.#.............# .....
##...#.#######.#####......
###..#.#######.#.....# #..
# #..#.#.............# .
####...#.#####.#.###.#
.....#.#.# #.#.#
######...#####.# .


You could see Pikel (resistant) and 2 lemures.

Vanquished Creatures
  Grinder (D:3)
  Sigmund (D:3)
  A phantom (D:4)
  A scorpion (D:3)
  An orc priest (D:3)
  2 adders (D:3)
  A worm (D:2)
  5 dart slugs
  7 orcs (D:3)
  4 endoplasms
  2 giant cockroaches
  7 goblins
  4 hobgoblins
  7 jackals
  6 kobolds
  3 quokkas
  A ball python (D:1)
  2 bats (D:1)
  4 frilled lizards
  7 rats
67 creatures vanquished.

Notes
Turn   | Place    | Note
-------+----------+-------------------------------------------
     0 | D:1      | GorkyZ the Demonspawn Gladiator began the quest for the
                  | Orb.
     0 | D:1      | Reached XP level 1. HP: 16/16 MP: 1/1
   191 | D:1      | Gained mutation: You have a pair of small antennae on your
                  | head. [demonic ancestry]
   191 | D:1      | Reached XP level 2. HP: 17/22 MP: 2/2
   819 | D:1      | Reached XP level 3. HP: 28/28 MP: 3/3
  1024 | D:2      | Reached skill level 3 in Dodging
  1044 | D:2      | Reached skill level 1 in Armour
  1420 | D:2      | Found a faded altar of an unknown god.
  1741 | D:3      | Gained mutation: You have a pair of antennae on your head.
                  | [demonic ancestry]
  1741 | D:3      | Reached XP level 4. HP: 27/34 MP: 4/4
  2013 | D:3      | Noticed a scorpion
  2021 | D:3      | Killed a scorpion
  2022 | D:3      | Reached XP level 5. HP: 29/40 MP: 5/5
  2493 | D:3      | Noticed Sigmund
  2509 | D:3      | Killed Sigmund
  2510 | D:3      | Reached skill level 1 in Axes
  2510 | D:3      | Reached XP level 6. HP: 29/47 MP: 6/6
  2780 | D:3      | Noticed Grinder
  2794 | D:3      | Killed Grinder
  2795 | D:3      | Reached skill level 4 in Dodging
  2795 | D:3      | Reached XP level 7. HP: 22/53 MP: 7/7
  3359 | D:4      | Noticed Pikel
  3381 | D:4      | HP: 2/53 [Pikel/+1 whip of electrocution (14)]
  3383 | D:4      | Slain by Pikel

Illustrated notes

Levels and vault maps discovered:
D:1:      minmay_arrival_four_circles, layout_rooms, minmay_crystal_room,
          nicolae_kite_square_tiling_tiny, serial_bayou_lake_a
D:2:      cheibrodos_old_hovel, layout_rooms,
          hellmonk_ecumenical_altar_leap_of_faith
D:3:      layout_loops_corners, minmay_stone_trees_small, uniq_grinder,
          uniq_sigmund
D:4:      layout_basic, grunt_temple_overflow_cloverleaf,
          minmay_temple_entry_antechambers, uniq_pikel

Skill      XL: |  1  2  3  4  5  6 |
---------------+-------------------+-----
Throwing       | 2 3 |  3.6
Polearms       | 3 |  3.3
Dodging        | 3 4 |  4.1
Armour         | 1 2 |  2.9
Fighting       | 3 |  3.9
Axes           | 1 2 |  2.2

Action                   |  1- 3 |  4- 6 |  7- 9 || total
-------------------------+-------+-------+-------++-------
Melee: Trident           |   147 |    16 |       ||   163
       Punch             |     1 |     1 |       ||     2
       Hand axe          |       |    39 |       ||    39
       Halberd           |       |    13 |    37 ||    50
Armor: Leather armour    |    11 |       |       ||    11
       Ice dragon scales |    43 |    19 |    17 ||    79
Dodge: Dodged            |    73 |    34 |    24 ||   131
